 Dungeon Crawl Stone Soup version 0.29.0-4-gdea44cf6ec (webtiles) character file.

Game seed: 11621272931147654000

138 ProzacElf the Ducker (level 5, -5/36 (37) HPs)
             Began as a Merfolk Artificer on Aug 27, 2022.
             Was an Initiate of Ru.
             Slain by Crazy Yiuf
             ... wielding a +3 quarterstaff of chaos
              (15 damage)
             ... on level 2 of the Dungeon.
             The game lasted 00:04:34 (2589 turns).

ProzacElf the Ducker (Merfolk Artificer)            Turns: 2589, Time: 00:04:35

HP:   -5/36 (37)    AC:  3    Str: 14    XL:     5   Next: 21%
MP:   14/14         EV: 13    Int: 11    God:    Ru [......]
Gold: 51            SH:  0    Dex: 14    Spells: 4/4 levels left

rFire   + . .      SeeInvis +   a - +6 mace of Starshine {freeze, Drain rPois rF+ SInv}
rCold   . . .      Faith    .   (no shield)
rNeg    . . .      Spirit   .   p - +0 leather armour
rPois   +          Reflect  .   (no helmet)
rElec   .          Harm     .   (no cloak)
rCorr   .          Rampage  .   (no gloves)
Will    .....                   (no boots)
Stlth   ++........              (no amulet)
HPRegen 0.12/turn               n - ring of magical power
MPRegen 0.14/turn               v - ring of poison resistance

@: lightly drained
A: (nimble swimmer 2), mertail
a: Renounce Religion


You were on level 2 of the Dungeon.
You worshipped Ru.
Ru was noncommittal.
You visited 1 branch of the dungeon, and saw 2 of its levels.

You collected 51 gold pieces.

Inventory:

Hand Weapons
 a - the +6 mace of Starshine (weapon) {freeze, Drain rPois rF+ SInv}
   (You found it on level 2 of the Dungeon)

   It freezes those it strikes, dealing additional cold damage.
   It can also slow down cold-blooded creatures.
   rF:        It protects you from fire.
   rPois:     It protects you from poison.
   SInv:      It lets you see invisible.
   Drain:     It drains your maximum health when unequipped.
 b - a +0 spear
 h - a +0 club
 i - a +0 whip
 k - a +0 dagger
 q - a +0 war axe
Missiles
 t - 2 poisoned darts
 y - a throwing net
Armour
 p - a +0 leather armour (worn)
 r - a +0 pair of gloves
Jewellery
 n - a ring of magical power (left hand)
 u - a ring of fire
 v - a ring of poison resistance (right hand)
Wands
 c - a wand of flame (15) (quivered)
 d - a wand of charming (15)
 e - a wand of iceblast (5)
Scrolls
 m - a scroll of magic mapping {unknown}
 o - a scroll of enchant armour {unknown}
 B - a scroll of poison {unknown}
Potions
 f - a potion of cancellation {unknown}
 g - 2 potions of lignification {unknown}
 j - a potion of haste {unknown}
 l - a potion of heal wounds {unknown}
 s - a potion of degeneration {unknown}
 w - a potion of curing {unknown}
 x - 2 potions of flight {unknown}
 z - 2 potions of mutation {unknown}
 A - a potion of attraction {unknown}


   Skills:
 - Level 1.1 Fighting
 - Level 0.6 Armour
 + Level 4.5 Dodging
 + Level 3.4 Stealth
 + Level 4.0 Evocations


You had 4 spell levels left.
You didn't know any spells.
Your spell library was empty.

Dungeon Overview and Level Annotations

Branches:
Dungeon (2/15)

Altars:
Ru

Annotations:
D:2 Crazy Yiuf


Innate Abilities, Weirdness & Mutations

((You are very nimble when in or above water. (Stealth+, EV+, Speed+++)))
Your lower body shifts to a powerful aquatic tail in water.


Message History

Nay target in view!
Found 5 stones.
x - 2 lumpy pink potions (gain'd 1) Ye see 'ere 5 stones.
Found a faded altar o' an unknown god.
Thar be a faded altar o' an unknown god 'ere.
Ye cannae tell which god 'tis altar belongs ta.
Convert ta 'em anyway?
Ru accepts yer prayer!
Ru welcomes ye!
B - a scroll labelled CIROGR PECUW Ru believes ye be ready ta make a new sacrifice.
Ru asks ye ta sacrifice yer ability ta go unnoticed. 'tis be a modest sacrifice.
Piety after sacrifice: ......
Do ye re'lly want ta make 'tis sacrifice?
Okay, than.
Ru asks ye ta sacrifice all use o' magical tools. 'tis be an incredible sacrifice.
Piety after sacrifice: **....
Do ye re'lly want ta make 'tis sacrifice?
Okay, than.
Ru asks ye ta sacrifice yer skill. 'tis be a medium sacrifice.
Piety after sacrifice: *.....
Do ye re'lly want ta make 'tis sacrifice?
Okay, than.
Do ye re'lly want ta reject tha sacrifices Ru be offerin'?
Ru will take longer ta evaluate yer readiness.
Ye now haf 51 gold pieces (gain'd 5).
Found a run'd translucent door.
Ye op'n tha door.
Ye barely miss Crazy Yiuf.
Crazy Yiuf barely misses ye.
Ye hit Crazy Yiuf.
Ye freeze Crazy Yiuf.
Crazy Yiuf be lightly wounded.
Crazy Yiuf hits ye wit' a +3 quarterstaff o' chaos!
Ye feel drain'd.
Crazy Yiuf hits ye wit' a +3 quarterstaff o' chaos!
* * * LOW HITPOINT WARNIN'
* * * Ye take 27 damage, an' haf 10/36 hp.
MASSIVE DAMAGE!!
Ye hit Crazy Yiuf but do nay damage.
Crazy Yiuf be lightly wounded.
Crazy Yiuf hits ye wit' a +3 quarterstaff o' chaos!
Ye die...

######
#..... #####
#..... #..)#
#..... #...#
#..... ...
#..... #g#
#..... ##@#
#..... #.##
#..... ##.#
######.....
#.##
##.........#
##.##
#..........#
#...##
#.........#
#....#
#.....>....
#....#
#.........#
#....#
#..........


You could see Crazy Yiuf.

Vanquished Creatures
  Natasha (thrice) (D:2)
  2 adders (D:2)
  3 worms (D:2)
  3 dart slugs
  2 ball pythons (D:1)
  4 bats
  2 giant cockroaches (D:2)
  3 goblins
  4 hobgoblins
  2 frilled lizards
  4 kobolds
  3 rats
35 creatures vanquished.

Notes
Turn   | Place    | Note
-------+----------+-------------------------------------------
     0 | D:1      | ProzacElf the Merfolk Artificer began the quest for the
                  | Orb.
     0 | D:1      | Reached XP level 1. HP: 15/15 MP: 1/1
   413 | D:1      | Reached XP level 2. HP: 21/21 MP: 2/2
  1322 | D:2      | Identified the +6 mace of Starshine {freeze, Drain rPois
                  | rF+ SInv}
  1331 | D:2      | Reached XP level 3. HP: 26/26 MP: 3/3
  1353 | D:2      | Noticed Natasha
  1368 | D:2      | Killed Natasha
  1525 | D:2      | Reached XP level 4. HP: 24/32 MP: 4/4
  1608 | D:2      | Noticed Natasha
  1618 | D:2      | Killed Natasha
  1911 | D:2      | Noticed Natasha
  2072 | D:2      | Killed Natasha
  2073 | D:2      | Reached XP level 5. HP: 18/37 MP: 5/5
  2527 | D:2      | Found a faded altar of an unknown god.
  2529 | D:2      | Prayed at the altar of an unknown god.
  2529 | D:2      | Became a worshipper of Ru the Awakened
  2582 | D:2      | Found a runed translucent door.
  2583 | D:2      | Noticed Crazy Yiuf
  2589 | D:2      | Slain by Crazy Yiuf

Illustrated notes

Levels and vault maps discovered:
D:1:      amcnicky_arrival_abandoned_market, layout_basic, lemuel_another_geyser
D:2:      layout_basic, chequers_ecumenical_altar_twisty, serial_park_tiny_2,
          uniq_natasha, uniq_crazy_yiuf_cottage

Skill      XL: |  1  2  3  4 |
---------------+-------------+-----
Dodging        | 3 4 |  4.5
Stealth        | 2 3 |  3.4
Evocations     | 4 |  4.0
Fighting       | |  1.1
Armour         | |  0.6

Action                   |  1- 3 |  4- 6 || total
-------------------------+-------+-------++-------
Melee: Club              |    12 |       ||    12
       Dagger            |     3 |       ||     3
       War axe           |     2 |       ||     2
       Spear             |    37 |       ||    37
       Mace              |    10 |    39 ||    49
Invok: Reject Sacrifices |       |     1 ||     1
 Stab: Sleeping          |     4 |       ||     4
Armor: Leather armour    |    14 |     7 ||    21
Dodge: Dodged            |    34 |    18 ||    52
